 Dungeon Crawl Stone Soup version 0.29.1-15-g9cfb28693d (webtiles) character file.

Game seed: 5309071831300442166

77 Brozuf the Trooper (level 4, -2/29 HPs)
             Began as a Gargoyle Fighter on Mar 8, 2023.
             Slain by a gnoll
             ... wielding a +0 spear of freezing
              (4 damage)
             ... on level 3 of the Dungeon.
             The game lasted 00:03:35 (2208 turns).

Brozuf the Trooper (Gargoyle Fighter)               Turns: 2208, Time: 00:03:35

Health: -2/29      AC: 10    Str: 22    XL:     4   Next: 34%
Magic:  4/4        EV:  9    Int:  8    God:
Gold:   181        SH:  5    Dex: 15    Spells: 3/3 levels left

rFire   . . .      SeeInvis .   a - +0 flail
rCold   . . .      Faith    .   c - +0 buckler
rNeg    + . .      Spirit   .   b - +0 scale mail
rPois   ∞          Reflect  .   (no helmet)
rElec   +          Harm     .   (no cloak)
rCorr   .          Rampage  .   (no gloves)
Will    .....                   (no boots)
Stlth   ..........              (no amulet)
HPRegen 0.09/turn               m - +6 ring of dexterity
MPRegen 0.09/turn               n - +4 ring of slaying

@: no status effects
A: sickness immunity, AC +3, negative energy resistance 1, electricity
resistance, torment resistance 1, petrification resistance
a: no special abilities


You were on level 3 of the Dungeon.
You visited 1 branch of the dungeon, and saw 3 of its levels.

You collected 181 gold pieces.

Inventory:

Hand Weapons
 a - a +0 flail (weapon)
Armour
 b - a +0 scale mail (worn)
 c - a +0 buckler (worn)
Jewellery
 e - an amulet of magic regeneration
   (You found it on level 3 of the Dungeon)
 m - a +6 ring of dexterity (left hand)
   (You found it on level 2 of the Dungeon)
 n - a +4 ring of slaying (right hand)
   (You found it on level 2 of the Dungeon)
Scrolls
 f - a scroll of magic mapping {unknown}
 g - 4 scrolls of teleportation {unknown}
 h - a scroll of poison {unknown}
 j - a scroll of noise {unknown}
 l - 2 scrolls of enchant weapon {unknown}
 o - a scroll of enchant armour {unknown}
 p - a scroll of identify {unknown}
 q - 2 scrolls of amnesia {unknown}
Potions
 d - a potion of might
 i - a potion of heal wounds {unknown}
 k - a potion of curing {unknown}


   Skills:
 + Level 3.9 Fighting
 * Level 3.5 Maces & Flails
 - Level 3.2 Armour
 + Level 3.9 Shields


You had 3 spell levels left.
You didn't know any spells.
Your spell library contained the following spells:

 Spells                   Type           Power      Damage    Failure   Level
 Stone Arrow              Conj/Erth      0%         3d7       99%         3
 Animate Armour           Summ/Erth      0%         N/A       100%        4
 Lehudib's Crystal Spear  Conj/Erth      0%         10d2      100%        8


Dungeon Overview and Level Annotations

Branches:
Dungeon (3/15)

Altars:

Shops:
D:2 *


Innate Abilities, Weirdness & Mutations

You are immune to sickness and miasma.
Your stone body is resilient. (AC +3)
You are immune to poison.
You resist negative energy. (rN+)
You are resistant to electric shocks. (rElec)
You are resistant to unholy torment.
You are immune to petrification.


Message History

The orc shouts!
The ball python barely misses you. x2
The ball python bites you. The ball python barely misses you.
The ball python attacks as you move away!
You block the ball python's attack.
The ball python attacks as you move away!
You block the ball python's attack. x2
The ball python barely misses you. The ball python grabs you.
The ball python constricts you.
You escape the ball python's grasp.
The ball python attacks as you move away!
The ball python bites you but does no damage.
The ball python barely misses you.
You barely miss the ball python.
The ball python bites you but does no damage.
You block the ball python's attack. The ball python closely misses you.
The ball python barely misses you.
You sock the ball python!
You kill the ball python!
The orc barely misses you.
You bludgeon the orc!!
You kill the orc!
You barely miss the orc. The orc hits you with a +0 club.
You sock the orc!
You kill the orc!
You closely miss the orc. The orc hits you but does no damage.
The orc hits you with a +0 club.
You sock the orc!
You kill the orc!
No target in view!
You start resting.
A gnoll comes into view. It is wielding a +0 spear of freezing.
The gnoll shouts!
Items here: ))) [[ †††.
The gnoll hits you with a +0 spear of freezing.
The gnoll freezes you.
You thump the gnoll! The gnoll misses you.
You hit the gnoll but do no damage.
The gnoll hits you with a +0 spear of freezing.
The gnoll freezes you.
You completely miss the gnoll.
A gnoll comes into view. It is wielding a +0 club.
The gnoll hits you with a +0 spear of freezing.
* * * LOW HITPOINT WARNING * * *
The gnoll freezes you.
* * * LOW HITPOINT WARNING * * *
The gnoll hits you with a +0 spear of freezing!
* * * LOW HITPOINT WARNING * * *
The gnoll freezes you.
You die...

.......#....#................#...
.......#.##.#..#.............#...
....##.#.##.#..##..#.........#.##
###.##.#.##.#..##..#.........#.#.
#.#..#.##.#..##................
#.#..#.##...............#......
###.#..#.##.#..#######.##..#.#.#.
.........##.#..#######.###.#.#...
.........##....)@g...g.......#...
###.#..#.##.#..#####.#.###...#...
#.#..........# #.#.###†......
#.##.#.##....#####.#.##........
#.##.#.......##....#.##.....##. #
#.#######.#..##...........#.# #
#.# #.#..##..........####
###.#######.#..#####.....#..#
......................####....#


You could see 2 gnolls.

Vanquished Creatures
  An adder (D:2)
  3 dart slugs
  7 orcs
  4 bats
  8 endoplasms
  3 giant cockroaches (D:1)
  5 goblins
  5 hobgoblins
  6 ball pythons
  A frilled lizard (D:1)
  2 kobolds
  7 rats
52 creatures vanquished.

Notes
Turn   | Place    | Note
-------+----------+-------------------------------------------
     0 | D:1      | Brozuf the Gargoyle Fighter began the quest for the Orb.
     0 | D:1      | Reached XP level 1. HP: 14/14 MP: 1/1
   255 | D:1      | Reached XP level 2. HP: 15/19 MP: 2/2
   618 | D:1      | You fall into a shaft and drop 1 floor!
   691 | D:1      | Reached XP level 3. HP: 20/23 MP: 3/3
   866 | D:1      | Found a faded altar of an unknown god.
   999 | D:2      | Found Duh Gamn's Assorted Antiques.
  1549 | D:2      | Reached XP level 4. HP: 29/29 MP: 4/4
  2208 | D:3      | Slain by a gnoll

Illustrated notes

Levels and vault maps discovered:
D:1:      mushboom_english_gardens, layout_basic,
          ebering_ecumenical_altar_petrified, minmay_worlds_worst_comb
D:2:      layout_rooms, serial_shops, nicolae_shop_waterfront
D:3:      layout_basic, dk_noncrumbling_3, chequers_serial_rivers_room_a,
          hangedman_decor_growths, st_stairs_4, grunt_decor_one_mirror

Skill      XL: |  1  2  3 |
---------------+----------+-----
Maces & Flails | 3 |  3.5
Fighting       | |  3.9
Armour         | |  3.2
Shields        | |  3.9

Action                   |  1- 3 |  4- 6 || total
-------------------------+-------+-------++-------
Melee: Flail             |    99 |    38 ||   137
Armor: Scale mail        |    50 |    19 ||    69
Dodge: Dodged            |    55 |    15 ||    70
Block: Buckler           |    26 |     5 ||    31
